cohdb
Replays
Latest Replays
All Replays
Popular Replays
Top Player Replays
Match Explorer
How It Works
Community
CoH3 Stats
Reddit
Sign in to upload your games and track your stats! →
Sign in with Steam
Match 43826528
Unlisted
Match 43826528
Overview
Messages
Build Orders
End
Kettenkrad Recon Vehicle
Construct Infanterie Kompanie
Grenadier Squad
Grenadier Squad
Grenadier Squad
Selects Breakthrough Battlegroup
Selects Assault Grenadiers
Construct Luftwaffe Kompanie
Selects Rapid Production
221 Scout Car
MG 42 Machine Gun Team
Flak 30 Anti-aircraft Gun Team
Support Elements
Wirbelwind Flakpanzer
她说人多以为有我
Barbarossa
0
0
Comments
sign in to comment!
No comments posted yet!